 Dungeon Sprint DCSS version 0.28-a0-476-g0f06bd746f (webtiles) character file.

Game seed: 2544002675664797826

715 xpp the Unseen (level 7, -8/41 HPs)
             Began as an Octopode Hedge Wizard on Sept 17, 2021.
             Was an Elder of Dithmenos.
             Mangled by a freezing wraith (12 damage)
             ... in the Dungeon (Sprint VII: "The Pits").
             The game lasted 00:06:58 (1460 turns).

xpp the Unseen (Octopode Hedge Wizard)              Turns: 1460, Time: 00:06:58

Health: -8/41      AC:  1    Str: 10    XL:     7   Next: 69%
Magic:  11/11      EV: 13    Int: 17    God:    Dithmenos [****..]
Gold:   0          SH:  0    Dex: 12    Spells: 11/12 levels left

rFire   . . .      SeeInvis .   l - +2 dagger (venom)
rCold   . . .      Faith    .   (no shield)
rNeg    . . .      Spirit   .   b - +0 hat
rPois   .          Reflect  .   (no amulet)
rElec   .          Harm     .   (no ring)
rCorr   .          Rampage  .   (no ring)
Will    .....      NoTele   +   (no ring) Stlth ***+++++++
                                (no ring)
HPRegen 0.13/turn               (no ring)
MPRegen 0.12/turn               (no ring)
                                (no ring)
                                (no ring)

@: slowed, wreathed by umbra, very slow
A: almost no armour, amphibious, 8 rings, camouflage 1, gelatinous body 1,
(nimble swimmer 1), tentacles
a: Renounce Religion, Shadow Step


You were in the Dungeon.
You worshipped Dithmenos.
Dithmenos was greatly pleased with you.
You visited 1 branch

Inventory:

Hand Weapons
 l - a +2 dagger of venom (weapon)
Missiles
 m - 5 poisoned darts
Armour
 b - a +0 hat (worn)
Scrolls
 h - a scroll of blinking
 j - 5 scrolls of amnesia
Potions
 c - 5 potions of curing
 d - 6 potions of heal wounds
 e - a potion of haste
 f - 4 potions of magic
 g - a potion of berserk rage


   Skills:
 - Level 2.0 Dodging
 + Level 20.6 Stealth
 - Level 3.0 Spellcasting
 - Level 1.0 Conjurations
 - Level 1.0 Summonings
 - Level 1.0 Translocations


You had 11 spell levels left.
You knew the following spells:

 Your Spells              Type           Power      Damage    Failure   Level
a - Magic Dart            Conj           20%        1d4       12%         1

Your spell library contained the following spells:

 Spells                   Type           Power      Damage    Failure   Level
 Blink                    Tloc           N/A        N/A       17%         2
 Call Imp                 Summ           5%         N/A       17%         2
 Slow                     Hex            2%         N/A       26%         2
 Conjure Flame            Conj/Fire      4%         6-21      38%         3
 Mephitic Cloud           Conj/Pois/Air  3%         N/A       41%         3


Dungeon Overview and Level Annotations

Branches:
Dungeon (1/1)

Altars:
Ashenzari
Cheibriados
Dithmenos
Elyvilon
Fedhas
Gozag
Hepliaklqana
Kikubaaqudgha
Makhleb
Nemelex Xobeh
Okawaru
Qazlal
Ru
Sif Muna
Trog
Uskayaw
Vehumet
Wu Jian
Xom
Yredelemnul
Zin
The Shining One
Beogh
Jiyva
Lugonu


Innate Abilities, Weirdness & Mutations

You cannot wear most types of armour.
You are amphibious.
You can wear up to eight rings at the same time.
Your skin changes colour to match your surroundings (Stealth+).
Your rubbery body absorbs attacks. (AC +1, EV +1)
((You are camouflaged near water. (Stealth+)))
You have tentacles for arms and can constrict up to eight enemies at once.


Message History

You drop a +0 club.
There is an open door here.
There is an open door here.
There is an open door to the Storerooms (Easy) here.
Press: ? - help, v - describe, . - travel A huge closed gate to the Metal Vault (Medium).
This square is wreathed by an umbra.
Press: ? - help, v - describe, . - travel A huge closed gate leading to the Armoury (Hard).
This square is wreathed by an umbra.
You open the huge gate.
There is a huge open gate to the Metal Vault (Medium) here.
There is a huge open gate to the Metal Vault (Medium) here.
Press: ? - help, v - describe, . - travel A large closed door.
This square is wreathed by an umbra.
There is a huge open gate to the Metal Vault (Medium) here.
There is a huge open gate to the Metal Vault (Medium) here.
There is an open door to the Storerooms (Easy) here.
There is an open door here.
There is an open door here.
You open the door.
A black bear comes into view.
There is an open door here.
The helpless black bear fails to defend itself.
You stick the black bear like a pincushion!!!!
You kill the black bear!
Dithmenos accepts your kill.
You open the door.
A freezing wraith comes into view.
The freezing wraith hits you. The freezing wraith freezes you!!
You emit a cloud of dark smoke.
The freezing wraith hits you. The freezing wraith drains your vigour!
You feel yourself slow down.
There is an open door here.
You closely miss the freezing wraith. The freezing wraith hits you.
* * * LOW HITPOINT WARNING * * *
The freezing wraith freezes you!
* * * LOW HITPOINT WARNING * * *
The freezing wraith misses you. The freezing wraith hits you!
You die...

#.#..).....##.......#
##++
#.#........##.......#
#'###########.......#
#.......# #########
#..#.#..# #.##)##.#
#.......#+#
#.##.##.#W+
#..#.#..#@#
#.......ยงยง#
###########


You could see a freezing wraith.

Vanquished Creatures
  A floating eye (D)
  An ice beast (D)
  Purgy (D)
  2 black bears (D)
  A necrophage (D)
  A kobold brigand (D)
  A scorpion (D)
  A gnoll (D)
  An adder (D)
  A bat zombie (D)
  An endoplasm (D)
  A giant cockroach (D)
  3 goblins (D)
  A ball python (D)
17 creatures vanquished.

Notes
Turn   | Place    | Note
-------+----------+-------------------------------------------
     0 | D        | xpp the Octopode Hedge Wizard began the quest for the Orb.
     0 | D        | Reached XP level 1. HP: 11/11 MP: 4/4
    30 | D        | Reached skill level 4 in Stealth
    63 | D        | Found a glowing golden altar of the Shining One.
    63 | D        | Found a glowing silver altar of Zin.
    63 | D        | Found a basalt altar of Yredelemnul.
    63 | D        | Found a shimmering altar of Xom.
    63 | D        | Found an ornate altar of the Wu Jian Council.
    63 | D        | Found a bloodstained altar of Trog.
    63 | D        | Found a shimmering blue altar of Sif Muna.
    63 | D        | Found a sacrificial altar of Ru.
    63 | D        | Found a stormy altar of Qazlal.
    63 | D        | Found an iron altar of Okawaru.
    63 | D        | Found a sparkling altar of Nemelex Xobeh.
    63 | D        | Found a burning altar of Makhleb.
    63 | D        | Found a viscous altar of Jiyva.
    63 | D        | Found a hazy altar of Hepliaklqana.
    63 | D        | Found an opulent altar of Gozag.
    63 | D        | Found a blossoming altar of Fedhas.
    63 | D        | Found a white marble altar of Elyvilon.
    63 | D        | Found a shadowy altar of Dithmenos.
    63 | D        | Found a snail-covered altar of Cheibriados.
    64 | D        | Found a radiant altar of Vehumet.
    64 | D        | Found a corrupted altar of Lugonu.
    65 | D        | Found a hide-covered altar of Uskayaw.
    65 | D        | Found an ancient bone altar of Kikubaaqudgha.
    65 | D        | Found a broken altar of Ashenzari.
    70 | D        | Became a worshipper of Dithmenos the Shadowed
    91 | D        | Reached skill level 5 in Stealth
   255 | D        | Noticed a floating eye
   256 | D        | Noticed a scorpion
   264 | D        | Paralysed by a floating eye for 2 turns
   267 | D        | Paralysed by a floating eye for 3 turns
   273 | D        | Paralysed by a floating eye for 2 turns
   276 | D        | Killed a floating eye
   276 | D        | Reached * piety under Dithmenos
   277 | D        | Reached skill level 12 in Stealth
   277 | D        | Reached XP level 2. HP: 17/17 MP: 4/6
   277 | D        | Reached XP level 3. HP: 21/21 MP: 4/7
   277 | D        | Reached XP level 4. HP: 27/27 MP: 4/8
   289 | D        | Reached skill level 13 in Stealth
   291 | D        | Killed a scorpion
   292 | D        | Reached skill level 14 in Stealth
   292 | D        | Reached XP level 5. HP: 31/31 MP: 6/9
   320 | D        | Noticed a kobold brigand
   326 | D        | Reached ** piety under Dithmenos
   327 | D        | Reached skill level 15 in Stealth
   331 | D        | Killed a kobold brigand
   332 | D        | Reached skill level 16 in Stealth
   332 | D        | Reached XP level 6. HP: 19/36 MP: 10/10
   505 | D        | Noticed an ice beast
   856 | D        | Killed an ice beast
   856 | D        | Reached *** piety under Dithmenos
   857 | D        | Reached skill level 17 in Stealth
  1119 | D        | Noticed a necrophage
  1119 | D        | Noticed a black bear
  1122 | D        | Noticed Purgy
  1126 | D        | Killed a necrophage
  1127 | D        | Reached skill level 18 in Stealth
  1127 | D        | Reached XP level 7. HP: 27/41 MP: 11/11
  1133 | D        | Reached skill level 19 in Stealth
  1134 | D        | Killed Purgy
  1135 | D        | Reached skill level 20 in Stealth
  1135 | D        | Reached **** piety under Dithmenos
  1458 | D        | Noticed a freezing wraith
  1460 | D        | Mangled by a freezing wraith

Illustrated notes

Levels and vault maps discovered:
D:        pitsprint [storerooms_1, entrance_room_1, metal_vault_2, armoury_2,
          mini_pit_1, grid_room_1, main_hall_1, silver_pit, the_coven_1,
          the_vestibule_1, steel_vault_1, golden_pit, hallway_of_sentries,
          crystal_vault_4, iron_vault_3, final_vault]

Skill      XL: |  1  2  3  4  5  6  7 |
---------------+----------------------+-----
Stealth        | 12 14 16 18 20 | 20.6
Dodging        | |  2.0
Spellcasting   | |  3.0
Conjurations   | |  1.0
Summonings     | |  1.0
Translocations | |  1.0

Action                   |  1- 3 |  4- 6 |  7- 9 || total
-------------------------+-------+-------+-------++-------
Melee: Dagger            |    10 |    24 |    11 ||    45
       Constrict         |     5 |     3 |     2 ||    10
       Tentacles         |     1 |     4 |     1 ||     6
 Cast: Magic Dart        |       |     3 |       ||     3
  Use: Potion            |     1 |     4 |       ||     5
       Scroll            |       |     1 |       ||     1
 Stab: Sleeping          |     1 |     3 |     1 ||     5
       Invisible         |       |     2 |     2 ||     4
Armor: Skin              |       |       |     1 ||     1
Dodge: Dodged            |     4 |    10 |     4 ||    18

Table legend: (Time is in decaauts)
 A = Elapsed time spent in this place.
 B = Non-inter-level travel time spent in this place.
 C = Inter-level travel time spent in this place.
 D = Time resting spent in this place.
 E = Time spent auto-exploring this place.
 F = Levels seen in this place.
 G = Mean time per level.
                   A        B        C        D        E       F      G
               +--------+--------+--------+--------+--------+-----+--------+
         Total |   1479 |   1479 |      0 |   1054 |      0 |   1 | 1479.0 |
       Dungeon |   1479 |   1479 |      0 |   1054 |      0 |   1 | 1479.0 |
               +--------+--------+--------+--------+--------+-----+--------+

Top non-repeatable levels by time:
       D: 1479 daAuts
